AoeStats
← rkdestroyer

Arena

508748850Analyzed
1v1 RM · 8d ago on Sep 23, 2026· 40m 53s· 2 players
Game mode
Random Map
Map size
Tiny (2 player)
Population
200
Speed
Normal
Resources
Standard
Victory
Conquest
Starting age
Dark Age
Ending age
Imperial Age
RankedLock teamsTeams togetherTeam positionsShared explorationLock speedFull tech treeHidden civsTurbo modeCheats
Victory
Defeat
🇧🇷 Poles · Brazil
572
+15
🇦🇷 Bohemians · Argentina
552
-15
rkdestroyer
1:37 Loom
13:51 Feudal Age
15:37 Double-Bit Axe
15:43 Horse Collar
18:34 Castle Age
17:35 Wheelbarrow
19:31 Heavy Plow
23:30 Hand Cart
23:01 Town Watch
25:16 Bow Saw
26:21 Murder Holes
32:31 Imperial Age
30:10 Squires
30:14 Husbandry
29:35 Light Cavalry
31:57 Town Patrol
31:26 Pikeman
32:47 Fletching
33:04 Scale Barding Armor
33:00 Scale Mail Armor
33:11 Forging
33:02 Padded Archer Armor
34:35 Bodkin Arrow
35:01 Chain Barding Armor
34:11 Elite Skirmisher
34:12 Crossbowman
36:33 Two-Man Saw
36:13 Arbalester
39:42 Halberdier
dododoy
11:31 Feudal Age
10:45 Loom
14:50 Double-Bit Axe
15:28 Gold Mining
20:10 Castle Age
18:17 Scale Barding Armor
18:24 Forging
18:29 Stone Mining
18:24 Horse Collar
21:27 Wheelbarrow
22:50 Bow Saw
25:09 Stone Shaft Mining
24:59 Husbandry
25:10 Bloodlines
25:24 Squires
28:36 Heavy Plow
29:47 Chain Barding Armor
30:04 Iron Casting
35:59 Imperial Age
37:24 Cavalier
Connection lost

Rejoining the realm…

Still unreachable

The connection could not be restored.

Session expired

The server has moved on; the page needs a fresh start.